Map: The Vermillion Problem

Players

Infamous

  • Race: Protoss Protoss
  • League: Silver
  • Spawn Location: 11:00

Zorro

  • Race: Terran Terran
  • Spawn Location: 11:00

VOD

Have the link to the VOD?

Description

Time

  • Played on: March 27, 2018, noon
  • Length: 41:09
Show
View Real Time Build Order
Export as new Build Order

Infamous Protoss 

Build Orders:  

Get SALT Encoding   

  12  0:03  Probe (Chrono Boost)  
  13  0:29  Pylon, Probe (Chrono Boost)  
  14  0:56  Gateway  
  14  0:59  Probe (Chrono Boost)  
  15  1:33  Probe (Chrono Boost)  
  16  1:45  Assimilator  
  16  1:47  Probe (Chrono Boost)  
  17  2:09  Zealot  
  19  2:19  Forge, Probe (Chrono Boost)  
  20  2:30  Assimilator  
  20  2:33  Probe (Chrono Boost)  
  21  2:59  Probe (Chrono Boost)  
  22  3:13  Probe (Chrono Boost)  
  23  3:43  Pylon  
  23  3:46  Protoss Ground Weapons Level 1  
  23  4:00  Gateway  
  23  4:03  Gateway  
  24  4:10  Probe (Chrono Boost)  
  22  4:25  Probe (Chrono Boost)  
  23  4:41  Probe (Chrono Boost)  
  23  4:44  Forge  
  24  4:55  Probe (Chrono Boost)  
  24  4:59  Cybernetics Core  
  25  5:09  Probe (Chrono Boost)  
  25  5:15  Protoss Ground Armor Level 1  
  26  5:24  Probe (Chrono Boost)  
  28  5:41  Probe (Chrono Boost)  
  28  5:55  Dragoon  
  28  5:56  Gateway  
  28  5:58  Probe (Chrono Boost)  
  31  6:15  Robotics Facility  
  31  6:20  Protoss Shields Level 1  
  31  6:39  Pylon  
  31  6:42  Pylon  
  31  6:50  Pylon  
  31  7:03  Robotics Facility  
  31  7:07  Dragoon  
  33  7:14  Dragoon  
  33  7:32  Zealot x2  
  34  7:41  Zealot  
  37  7:50  Probe (Chrono Boost)  
  37  7:53  Observer  
  36  8:30  Zealot  
  36  8:31  Zealot x3  
  27  9:01  Zealot x3  
  27  9:02  Death Council, Zealot  
  38  9:28  Probe (Chrono Boost)  
  35  10:01  Protoss Ground Weapons Level 2  
  35  10:02  Immortal  
  35  10:07  Zealot  
  35  10:08  Zealot x3  
  43  10:18  Protoss Ground Armor Level 2  
  43  10:26  Gateway  
  43  10:29  Gateway  
  43  10:30  Gateway  
  43  10:59  Observer  
  44  11:00  Death Council  
  44  11:18  Zealot x3  
  39  11:49  Dragoon x3  
  43  12:07  Zealot x2  
  41  12:43  Zealot x4  
  49  13:06  Protoss Ground Armor Level 3  
  49  13:10  Dragoon x2  
  52  13:40  Zealot  
  52  13:41  Charge  
  54  14:43  Pylon  
  54  14:48  Pylon  
  54  14:56  Protoss Ground Weapons Level 3, Pylon  
  54  14:59  Pylon  
  54  15:51  Singularity Charge  
  53  16:00  Immortal  
  53  16:09  Zealot x2  
  57  16:10  Zealot  
  57  16:11  Dragoon  
  57  16:17  Dragoon  
  32  18:10  Dragoon x3  
  32  18:11  Dragoon x4  
  46  19:04  Probe (Chrono Boost)  
  46  19:07  Immortal  
  47  19:16  Ascendant Archives  
  47  19:44  Dragoon  
  47  19:45  Dragoon x2  
  47  19:48  Zealot x4  
  61  20:17  Psionic Storm  
  61  20:19  Probe (Chrono Boost)  
  62  20:36  Probe (Chrono Boost)  
  63  20:51  Dragoon  
  63  20:52  Dragoon  
  63  20:54  Zealot x5  
  73  21:35  Zealot  
  73  21:36  Zealot x5  
  73  21:37  Zealot  
  81  22:04  Zealot x2  
  81  22:05  Zealot  
  85  22:21  High Templar  
  85  22:31  High Templar  
  87  22:42  Archon  
  87  22:54  Nexus  
  87  22:58  Assimilator  
  87  23:24  Pylon  
  87  23:32  Pylon  
  87  23:36  Pylon  
  87  23:46  Pylon  
  84  23:58  High Templar x3  
  86  24:19  Archon  
  86  24:46  Probe (Chrono Boost)  
  87  24:55  Probe (Chrono Boost)  
  87  24:59  Probe (Chrono Boost)  
  89  25:12  Probe (Chrono Boost)  
  89  25:13  Pylon, Probe (Chrono Boost)  
  89  25:17  Pylon, High Templar  
  89  25:18  High Templar  
  95  25:20  Zealot x3  
  95  25:26  Archon  
  95  25:27  Probe (Chrono Boost)  
  95  25:29  Probe (Chrono Boost)  
  101  25:46  Probe (Chrono Boost)  
  94  26:06  Photon Cannon  
  94  26:07  Probe (Chrono Boost)  
  94  26:08  Photon Cannon  
  94  26:10  Probe (Chrono Boost)  
  94  26:14  Photon Cannon  
  94  26:15  Assimilator  
  59  28:15  Zealot x4  
  59  28:16  Zealot x3  
  58  28:45  Zealot x5  
  58  28:46  Zealot x2  
  64  29:01  Probe (Chrono Boost)  
  64  29:04  Probe (Chrono Boost)  
  66  29:15  Probe (Chrono Boost)  
  68  29:21  Probe (Chrono Boost)  
  68  29:25  High Templar x4  
  68  29:26  High Templar x3  
  82  29:32  Archon x2  
  82  29:33  Archon  
  74  30:08  Probe (Chrono Boost)  
  76  30:12  Probe (Chrono Boost)  
  76  30:14  Zealot x2  
  76  30:15  Zealot x4  
  76  30:16  Zealot  
  90  30:22  Probe (Chrono Boost)  
  90  30:29  Probe (Chrono Boost)  
  92  30:36  Probe (Chrono Boost)  
  85  30:59  High Templar x3  
  91  31:00  High Templar x3  
  91  31:07  Archon x3  
  95  31:25  Zealot  
  89  31:45  Zealot x2  
  89  31:46  Zealot x4  
  101  32:16  Protoss Shields Level 2  
  101  32:36  Stargate  
  95  33:30  Zealot  
  95  33:31  Zealot x5  
  95  33:32  Zealot  
  99  34:07  Zealot  
  99  34:08  Zealot x2  
  99  34:09  Dragoon x2  
  109  34:10  Dragoon x2  
  113  34:45  Immortal x2  
  113  34:49  Phoenix  
  123  35:24  Phoenix  
  125  35:39  Immortal  
  119  35:40  Immortal  
  107  35:59  Phoenix  
  85  37:14  Zealot  
  85  37:15  Zealot x5  
  87  37:40  Phoenix  
  87  38:09  Phoenix  
  77  38:37  Phoenix  
  79  38:53  Zealot x2  
  79  38:54  Zealot  
  79  38:56  Dragoon x3  
  79  38:57  Dragoon  
  93  39:06  Phoenix  
  81  39:34  Phoenix  
  81  39:39  High Templar x3  
  87  39:40  High Templar x4  
Show
View Real Time Build Order
Export as new Build Order

Zorro Terran 

Build Orders:  

Get SALT Encoding   

  12  0:08  SCV  
  13  0:25  SCV  
  14  0:31  Refinery  
  14  0:40  Refinery  
  14  0:42  SCV  
  15  1:59  Barracks  
  15  2:51  Barracks Tech Lab  
  15  2:56  Engineering Bay  
  15  3:02  Bunker  
  15  3:24  Bunker  
  15  3:33  Supply Depot  
  15  4:03  SCV  
  15  4:04  Supply Depot  
  16  4:10  Factory  
  16  4:20  SCV  
  17  4:37  SCV  
  18  4:49  Neosteel Frame  
  18  4:54  SCV  
  19  5:03  Missile Turret  
  19  5:09  Marine  
  21  5:11  SCV  
  21  5:19  Marine  
  21  5:29  Marine  
  22  5:39  Marine  
  24  6:03  Supply Depot  
  24  6:33  Supply Depot  
  24  6:50  Marauder  
  26  7:03  Marauder  
  28  7:15  Marine  
  29  7:25  Marine  
  29  7:28  Starport  
  30  7:35  Marine  
  31  8:01  Marine  
  32  8:11  Medic  
  32  8:18  Factory Tech Lab  
  34  8:21  Medic, SCV  
  37  8:32  Marauder  
  37  8:38  SCV  
  40  8:44  Firebat  
  42  8:55  SCV  
  43  9:36  Starport Tech Lab  
  43  9:46  Terran Infantry Weapons Level 1  
  43  9:48  Fusion Core  
  43  10:02  Marine  
  43  10:06  Armory  
  44  10:12  Marine  
  45  10:23  Marine  
  46  10:33  Marine  
  47  10:42  Missile Turret  
  47  11:07  Supply Depot  
  47  11:34  Siege Tank  
  47  11:37  SCV  
  47  11:39  Supply Depot  
  51  11:53  SCV  
  52  13:22  Building Armor  
  52  13:26  Terran Infantry Armor Level 1  
  52  14:38  Siege Tank  
  55  14:57  Battlecruiser  
  61  15:06  Siege Tank  
  61  15:10  Weapon Refit  
  61  15:18  Siege Tank  
  58  15:26  Siege Tank  
  56  15:39  Battlecruiser  
  62  16:34  Terran Vehicle and Ship Weapons Level 1  
  62  17:17  Missile Turret  
  62  17:21  Missile Turret  
  62  17:49  Missile Turret  
  62  19:14  Terran Vehicle And Ship Armor Level 1  
  62  19:24  Viking  
  63  19:58  Terran Infantry Weapons Level 2  
  63  20:19  Missile Turret  
  63  20:36  Supply Depot  
  63  21:03  Siege Tank  
  63  21:04  Viking  
  63  21:06  SCV  
  63  21:07  Supply Depot  
  69  21:23  SCV  
  70  21:34  Siege Tank, Banshee  
  76  21:40  SCV  
  77  21:54  Terran Vehicle and Ship Weapons Level 2  
  77  21:57  SCV  
  76  22:14  SCV  
  75  23:08  Terran Infantry Armor Level 2  
  75  23:47  Battlecruiser  
  78  24:05  Orbital Command  
  78  24:49  SCV  
  79  26:04  Command Center  
  79  26:08  Refinery  
  79  26:43  Refinery  
  79  27:18  Bunker  
  79  27:34  Barracks  
  79  27:42  Battlecruiser  
  79  27:44  SCV  
  79  27:48  Bunker  
  86  28:01  SCV  
  87  28:18  SCV  
  88  28:25  Battlecruiser  
  94  28:36  SCV  
  90  29:58  Marine  
  90  30:09  Marine  
  91  30:13  SCV  
  91  30:19  Marine  
  94  30:35  Bunker  
  94  30:42  Refinery  
  94  31:14  Marine  
  94  31:35  Marine  
  89  31:49  SCV  
  90  32:06  SCV  
  91  32:23  SCV  
  91  32:27  Barracks Tech Lab  
  92  32:40  SCV  
  93  32:57  SCV  
  93  33:14  SCV  
  94  34:47  Supply Depot  
  94  35:14  Marauder  
  94  35:17  SCV  
  94  35:18  Supply Depot  
  97  35:25  Bunker  
  97  35:27  Marauder  
  99  35:34  SCV  
  99  35:39  Battlecruiser  
  97  35:46  Marine  
  103  35:51  Supply Depot, SCV  
  103  35:56  Marine  
  105  36:06  Marine  
  105  36:07  SCV  
  107  36:22  Battlecruiser  
  107  36:24  SCV  
  114  37:00  Bunker  
  114  37:29  SCV  
  115  37:46  SCV  
  116  37:55  Medic  
  118  38:22  Missile Turret  
  118  38:46  SCV  
  118  38:47  Medic  
Tags
 
Add a new tag
Caveats
  • Supply blocks, unpowered buildings, or Contaminate may cause inaccurate times.
  • Supply counts are checked every 10 seconds.